 Dungeon Sprint DCSS version 0.31-a0-18-gea43df2a32 (webtiles) character file.

Game seed: 17233786637387339833

3479 sircluck the Bludgeoner (level 9, -13/100 HPs)
             Began as a Minotaur Berserker on May 9, 2023.
             Was a High Priest of Trog.
             Shot with an arrow by a centaur warrior (26 damage)
             ... in the Dungeon (Sprint II: "The Violet Keep of Menkaure").
             The game lasted 00:04:56 (931 turns).

sircluck the Bludgeoner (Minotaur Berserker)         Turns: 931, Time: 00:04:56

Health: -13/100    AC:  4    Str: 26    XL:     9   Next: 79%
Magic:  8/8        EV: 15    Int:  2    God:    Trog [*****.]
Gold:   805        SH:  0    Dex: 10    Spells: 8/8 levels left

rFire   . . .        a - +0 mace
rCold   x . .        (no shield)
rNeg    . . .        b - +0 animal skin
rPois   .            (helmet restricted)
rElec   .            (no cloak)
rCorr   .            (no gloves)
SInv    .            (no boots)
Will    .....        (no amulet)
Stlth   ++           (no ring)
HPRegen 0.00/turn    (no ring)
MPRegen 0.11/turn

%: no teleportation
@: on berserk cooldown, inhibited regen, slowed, very slow
A: horns 2, retaliatory headbutt, iridescent scales 1, dopey 1, inhibited
regeneration, cold vulnerability 1
a: Renounce Religion, Berserk, Trog's Hand, Brothers in Arms


You were in the Dungeon.
You worshipped Trog.
Trog was extremely pleased with you.
You visited 1 branch You collected 972 gold pieces.
You spent 167 gold pieces at shops.

Inventory:

Hand Weapons
 a - a +0 mace (weapon)
Armour
 b - a +0 animal skin (worn)
Scrolls
 h - a scroll of blinking
 i - a scroll of magic mapping
 j - a scroll of identify {unknown}
Potions
 c - a potion of curing
 d - 2 potions of heal wounds
 e - a potion of haste
 f - 2 potions of magic
 g - a potion of berserk rage


   Skills:
 + Level 16.0 Fighting
 + Level 17.7 Maces & Flails
 + Level 8.6 Armour
 + Level 9.8 Dodging
 + Level 1.5 Stealth
 + Level 0.8 Unarmed Combat


You had 8 spell levels left.
You didn't know any spells.
Your spell library was empty.

Dungeon Overview and Level Annotations

Branches:
Dungeon (1/1)

Altars:
Cheibriados
Hepliaklqana

Shops:
D (*:([!*(!!?:=[=

Annotations:
D exclusion: oklob plant


Innate Abilities, Weirdness & Mutations

You have a pair of horns on your head.
You reflexively headbutt those who attack you in melee.
You are partially covered in iridescent scales. (AC +2)
You are dopey. (Int -2)
You do not regenerate when monsters are visible.
You are vulnerable to cold. (rC-)


Message History

The skeletal warrior is lightly damaged.
The centaur warrior hits you! The centaur warrior kicks you.
An elephant comes into view.
You barely miss the skeletal warrior.
The skeletal warrior is lightly damaged.
The elephant trumpets!
The centaur warrior hits you but does no damage.
The centaur warrior kicks you but does no damage.
The skeletal warrior completely misses you.
You hit the skeletal warrior.
The skeletal warrior is lightly damaged.
The centaur warrior hits you. The centaur warrior kicks you.
You hit the skeletal warrior but do no damage.
The skeletal warrior is lightly damaged.
The skeletal warrior hits you with a +0 hand axe.
You hit the skeletal warrior.
The skeletal warrior is lightly damaged.
The centaur warrior hits you.
The centaur warrior kicks you but does no damage.
You hit the skeletal warrior.
Your headbutt misses the skeletal warrior.
The skeletal warrior is moderately damaged.
The centaur warrior hits you!
* * * LOW HITPOINT WARNING * * *
The centaur warrior kicks you.
* * * LOW HITPOINT WARNING * * *
The skeletal warrior hits you with a +0 hand axe.
* * * LOW HITPOINT WARNING * * *
The centaur warrior hits you!
* * * LOW HITPOINT WARNING * * *
The centaur warrior kicks you but does no damage.
You feel a strong urge to attack something.
The centaur warrior wields a +0 shortbow.
The centaur warrior shoots an arrow.
The arrow misses you.
You are no longer berserk.
You are exhausted.
You feel yourself slow down.
Your two-headed ogre goes berserk!
The centaur warrior shoots an arrow.
The arrow hits you!!
You die...

##........#~~~~.##'##..#
##....⌠...#~~~~##...##.####
##...∩.∩..#~~~~#..#..#....#
##....∩.∩.#~~####.#.####..##
##.∩.∩.∩.∩#~##.###'###.##..#
##∩.∩...∩.#~#.#.##.###..#..#
##.∩.....∩')cz##'.<.'.##'..###
##∩.......#~#.O###.###..#....##
#▓▓▓▓▓▓▓###~##@###'###.##.§....
##?Hh######~~####.).####~~§..§.
#!Hh#G) ##~~~#..#..#~~~~§§~..
#∩PH+$.#+ #†#~##...##~~~~~~~~.
#($.#$##.##.#~~##'##~~~≈≈≈§§§~
#:..###...####~~~~~~~~~~≈≈§≈~~
##+###~.§~ #+++#+++#~≈§§§§≈§
SS≈§ ##≈§§###≈ §≈≈§○°≈##≈≈ ≈


You could see a skeletal warrior (ally target), a centaur warrior and a friendly
two-headed ogre (summoned, berserk).

Vanquished Creatures
  Kirke (D)
  A merfolk siren (D)
  A blink frog (D)
  4 neqoxecs (D)
  2 water moccasins (D)
  4 necrophages (D)
  4 scorpions (D)
17 creatures vanquished.

Vanquished Creatures (collateral kills)
  A yaktaur captain (D)
  A kobold demonologist (D)
2 creatures vanquished.

Vanquished Creatures (others)
  Menkaure (D)
1 creature vanquished.

Grand Total: 20 creatures vanquished

Notes
Turn   | Place    | Note
-------+----------+-------------------------------------------
     0 | D        | sircluck the Minotaur Berserker began the quest for the
                  | Orb.
     0 | D        | Reached XP level 1. HP: 19/19 MP: 0/0
     1 | D        | Noticed a necrophage
     1 | D        | Noticed a necrophage
     1 | D        | Noticed a necrophage
     1 | D        | Noticed a necrophage
     5 | D        | Killed a necrophage
     6 | D        | Reached skill level 6 in Maces & Flails
     6 | D        | Reached XP level 2. HP: 31/31 MP: 1/1
     6 | D        | Reached XP level 3. HP: 38/38 MP: 2/2
    12 | D        | Killed a necrophage
    13 | D        | Reached skill level 8 in Maces & Flails
    13 | D        | Reached XP level 4. HP: 48/48 MP: 3/3
    14 | D        | Killed a necrophage
    14 | D        | Reached ** piety under Trog
    15 | D        | Reached skill level 9 in Maces & Flails
    15 | D        | Reached XP level 5. HP: 56/56 MP: 4/4
    21 | D        | Reached skill level 10 in Maces & Flails
    21 | D        | Reached skill level 5 in Armour
    40 | D        | Killed Menkaure
    58 | D        | Noticed a merfolk siren
    62 | D        | Noticed a neqoxec
    64 | D        | Gained mutation: You are dopey. (Int -2) [a neqoxec]
    65 | D        | Gained mutation: You are partially covered in iridescent
                  | scales. (AC +2) [a neqoxec]
    66 | D        | Noticed a neqoxec
    71 | D        | Killed a neqoxec
    72 | D        | Reached skill level 10 in Fighting
    72 | D        | Reached skill level 11 in Maces & Flails
    72 | D        | Reached skill level 5 in Dodging
    72 | D        | Reached XP level 6. HP: 67/67 MP: 5/5
    73 | D        | Gained mutation: You do not regenerate when monsters are
                  | visible. [a neqoxec]
    77 | D        | Killed a neqoxec
    78 | D        | Reached skill level 12 in Maces & Flails
    79 | D        | Noticed a neqoxec
    79 | D        | Noticed a neqoxec
    83 | D        | Gained mutation: You are vulnerable to cold. (rC-) [a
                  | neqoxec]
    84 | D        | Killed a neqoxec
    84 | D        | Reached *** piety under Trog
    85 | D        | Reached XP level 7. HP: 65/75 MP: 6/6
    87 | D        | Killed a neqoxec
    88 | D        | Reached skill level 13 in Maces & Flails
    98 | D        | Found Ynlom's Jewellery Shoppe.
    98 | D        | Found Beeskel's Antique Armour Shoppe.
    98 | D        | Found Louw's Magic Scroll Emporium.
    98 | D        | Found Guz Ceoc's Book Emporium.
    98 | D        | Found Ced Rach's Distillery.
    98 | D        | Found Paumep's Distillery.
   100 | D        | Found Vogif's Antique Weapon Shoppe.
   100 | D        | Found Poqewet's Assorted Antiques.
   118 | D        | Reached **** piety under Trog
   299 | D        | Killed a merfolk siren
   300 | D        | Reached skill level 14 in Maces & Flails
   300 | D        | Reached XP level 8. HP: 86/86 MP: 7/7
   342 | D        | Reached ***** piety under Trog
   458 | D        | Found Lebin's Distillery.
   458 | D        | Noticed a hell hog
   459 | D        | Found Royss's Jewellery Emporium.
   459 | D        | Noticed a hell hog
   460 | D        | Found Hyton's Antique Armour Shoppe.
   460 | D        | Found Neunn's Antique Weapon Emporium.
   460 | D        | Noticed an oklob plant
   460 | D        | Noticed a manticore
   460 | D        | Noticed a manticore
   461 | D        | Found Osemihew's General Store.
   461 | D        | Found Kohiups's Weapon Emporium.
   461 | D        | Found Wumel's Book Shoppe.
   461 | D        | Noticed a manticore
   469 | D        | Reached skill level 15 in Maces & Flails
   475 | D        | Bought a scroll of magic mapping for 97 gold pieces
   479 | D        | Noticed a great orb of eyes
   495 | D        | Bought a potion of heal wounds for 70 gold pieces
   665 | D        | Noticed a blink frog
   690 | D        | Killed a blink frog
   872 | D        | Found a hazy altar of Hepliaklqana.
   872 | D        | Found a snail-covered altar of Cheibriados.
   887 | D        | Noticed Kirke
   887 | D        | Noticed a kobold demonologist
   887 | D        | Noticed a skeletal warrior
   888 | D        | Noticed a yaktaur captain
   910 | D        | Killed a yaktaur captain
   911 | D        | Reached skill level 16 in Maces & Flails
   911 | D        | Reached XP level 9. HP: 94/96 MP: 8/8
   914 | D        | Killed a kobold demonologist
   915 | D        | Reached skill level 15 in Fighting
   915 | D        | Reached skill level 1 in Stealth
   917 | D        | Killed Kirke
   918 | D        | Reached skill level 17 in Maces & Flails
   919 | D        | Noticed a centaur warrior
   922 | D        | Noticed an elephant
   931 | D        | Shot with an arrow by a centaur warrior

Illustrated notes

Levels and vault maps discovered:
D:        the_violet_keep_of_menkaure [sprint2_stairs_cluster_1,
          sprint2_shoproom, sprint2_temple, sprint2_basic_supplies,
          sprint2_obstacle_5, sprint2_obstacle_4, sprint2_obstacle_7,
          sprint2_obstacle_6, sprint2_obstacle_2, sprint2_timed_cluster_1,
          sprint2_smallroom_cluster_1, sprint2_smallroom_final_cluster_1,
          sprint2_transparent_cluster_1, sprint2_second_timed_cluster_1,
          sprint2_sniper_area_1, sprint2_heavy_combat_area_1,
          sprint2_mutation_trap_area_1, sprint2_forest_area_1,
          sprint2_light_combat_area_1, sprint2_behind_water_1,
          sprint2_near_end_vault_1]

Skill      XL: |  1  2  3  4  5  6  7  8  9 |
---------------+----------------------------+-----
Fighting       | 6 7 8 10 11 13 14 16 | 16.0
Maces & Flails | 6 8 9 11 12 14 16 17 | 17.7
Armour         | 3 4 5 6 7 8 |  8.6
Dodging        | 3 4 5 6 7 8 9 |  9.8
Stealth        | 1 |  1.5
Unarmed Combat | |  0.8

Action                     |  1- 3 |  4- 6 |  7- 9 || total
---------------------------+-------+-------+-------++-------
  Melee: Mace              |     9 |    23 |    56 ||    88
         Headbutt          |     2 |     2 |    12 ||    16
         Punch             |       |       |     1 ||     1
         Unarmed           |       |       |     6 ||     6
 Invoke: Berserk           |     1 |     1 |     2 ||     4
         Brothers in Arms  |       |       |     2 ||     2
 Armour: Animal skin       |     1 |     2 |    10 ||    13
  Dodge: Dodged            |     1 |     6 |    25 ||    32

Table legend: (Time is in decaauts)
 A = Elapsed time spent in this place.
 B = Non-inter-level travel time spent in this place.
 C = Inter-level travel time spent in this place.
 D = Time resting spent in this place.
 E = Time spent auto-exploring this place.
 F = Levels seen in this place.
 G = Mean time per level.
                   A        B        C        D        E       F      G
               +--------+--------+--------+--------+--------+-----+--------+
         Total |    942 |    833 |    109 |    595 |     20 |   1 |  942.0 |
       Dungeon |    942 |    833 |    109 |    595 |     20 |   1 |  942.0 |
               +--------+--------+--------+--------+--------+-----+--------+

Top non-repeatable levels by time:
       D: 942 daAuts
